Map: Orbital Shipyard

Players

Shamanas - Winner!

  • Race: Terran Terran

katoldarwin

  • Race: Zerg Zerg

VOD

Have the link to the VOD?

Description

Time

  • Played on: May 2, 2015, 6:10 a.m.
  • Length: 12:19
Show
View Real Time Build Order
Export as new Build Order

Shamanas Terran - Winner!

Build Orders: Reaper Expand 

Get SALT Encoding   

  12  0:01  SCV  
  13  0:13  SCV  
  14  0:21  Supply Depot  
  14  0:25  SCV  
  15  0:38  Refinery  
  15  0:42  SCV  
  16  0:45  Barracks  
  16  0:54  SCV  
  17  1:06  SCV  
  18  1:18  SCV  
  19  1:32  Orbital Command  
  19  1:33  Reaper  
  20  1:40  Command Center  
  20  1:51  Supply Depot  
  20  1:58  SCV  
  21  2:05  Barracks Reactor  
  21  2:10  SCV  
  22  2:16  Refinery  
  22  2:23  SCV  
  22  2:24  Factory  
  23  2:35  SCV  
  24  2:47  SCV  
  24  2:48  Marine x2  
  27  2:54  Supply Depot  
  27  2:55  Command Center  
  27  3:01  Orbital Command  
  27  3:03  SCV  
  28  3:14  Marine x2  
  28  3:15  SCV  
  31  3:26  Factory Tech Lab  
  31  3:29  Factory  
  31  3:32  SCV x2  
  33  3:39  Refinery  
  33  3:40  Refinery  
  33  3:41  Marine x2  
  34  3:44  SCV x2  
  37  3:49  Cyclone  
  40  3:56  SCV  
  41  4:05  SCV  
  41  4:08  SCV  
  43  4:11  Orbital Command  
  43  4:27  SCV x2  
  43  4:28  Cyclone  
  43  4:30  Hellion x2  
  43  4:31  Orbital Command  
  52  4:39  SCV x2  
  54  4:48  Armory  
  54  4:50  Armory, Starport  
  54  4:51  SCV x2  
  56  4:54  Hellion x2  
  56  4:58  SCV  
  61  5:03  SCV x2, Missile Turret  
  61  5:05  Missile Turret  
  63  5:09  Cyclone  
  63  5:10  SCV  
  67  5:15  SCV  
  67  5:16  Supply Depot, Infernal Pre-Igniter  
  67  5:17  Missile Turret  
  68  5:21  Missile Turret  
  68  5:28  SCV  
  69  5:37  SCV x2  
  69  5:40  SCV  
  72  5:45  Terran Vehicle and Ship Weapons Level 1  
  72  5:47  Terran Vehicle And Ship Armor Level 1  
  72  5:48  Starport Tech Lab  
  72  5:49  SCV, Hellion x2  
  77  5:53  Refinery x2  
  77  5:58  Supply Depot  
  77  6:01  Supply Depot  
  77  6:02  Factory  
  77  6:03  Factory  
  77  6:05  Supply Depot  
  77  6:06  SCV  
  75  6:19  SCV x3  
  75  6:24  Hellbat x2  
  75  6:25  Banshee, Cyclone  
  67  6:26  Cloaking Field  
  67  6:31  SCV  
  71  6:36  SCV x2  
  73  6:43  SCV  
  73  6:46  Hellbat x2  
  78  6:48  SCV  
  78  6:50  Factory Tech Lab, Factory Reactor  
  72  6:56  SCV x2  
  72  7:00  SCV  
  69  7:08  Banshee  
  62  7:11  Hellbat  
  62  7:12  Hellbat  
  62  7:14  Cyclone x2  
  62  7:15  SCV x3  
  73  7:27  SCV  
  67  7:32  Hellbat x2  
  67  7:40  Hellbat x2  
  71  7:46  Cyclone x2, Orbital Command  
  71  7:50  Command Center  
  77  7:58  Refinery  
  77  8:08  Hellbat x4  
  85  8:13  Banshee  
  85  8:14  Terran Vehicle And Ship Armor Level 2, Terran Vehicle and Ship Weapons Level 2  
  85  8:17  SCV x3  
  91  8:20  Command Center  
  91  8:34  Supply Depot  
  91  8:35  Supply Depot  
  91  8:45  Hellbat  
  93  8:51  Starport  
  93  8:52  Starport  
  93  8:54  Starport  
  93  8:55  Cyclone, Hellbat x2  
  100  8:57  Cyclone, Hellbat  
  100  8:59  Fusion Core  
  100  9:02  Banshee  
  108  9:18  Hellbat  
  108  9:19  Hellbat  
  103  9:37  Starport Tech Lab x3  
  95  9:45  Orbital Command  
  89  9:54  Hellbat x3  
  89  9:55  Cyclone x2, Hellbat  
  89  9:56  Banshee x4  
  115  10:01  Engineering Bay  
  115  10:04  Unknown  
  105  10:14  Refinery  
  105  10:15  Refinery  
  102  10:30  Planetary Fortress  
  102  10:33  Missile Turret  
  102  10:34  Missile Turret  
  104  10:36  Hellbat x4  
  104  10:37  Cyclone  
  104  10:40  Cyclone  
  104  10:42  Banshee  
  115  10:56  SCV x3  
  116  10:58  Hellbat  
  116  10:59  Hellbat x3  
  124  11:08  Supply Depot x2  
  124  11:10  Supply Depot  
  124  11:11  Starport  
  124  11:12  Starport x2  
  124  11:29  Hellbat x3  
  124  11:30  Hellbat x3  
  126  11:49  Starport Tech Lab x2  
  126  11:50  Starport Tech Lab  
  136  12:19  Command Center  
Show
View Real Time Build Order
Export as new Build Order

katoldarwin Zerg 

Build Orders: Hatch First 

Get SALT Encoding   

  12  0:00  Drone  
  13  0:13  Overlord  
  13  0:18  Drone  
  14  0:32  Drone x2  
  16  0:38  Drone  
  17  0:53  Hatchery  
  17  0:56  Drone  
  17  1:11  Spawning Pool  
  16  1:16  Drone  
  16  1:17  Drone  
  18  1:20  Drone  
  18  1:22  Extractor  
  18  1:43  Hatchery  
  18  1:46  Drone  
  18  1:49  Drone  
  18  1:52  Drone  
  20  2:01  Zergling x2  
  20  2:06  Zergling x2  
  22  2:11  Queen  
  24  2:21  Drone  
  24  2:22  Drone  
  26  2:26  Queen  
  26  2:55  Queen  
  26  2:56  Overlord  
  28  3:02  Drone  
  28  3:03  Drone x2  
  31  3:14  Overlord  
  31  3:17  Drone x2  
  31  3:18  Drone  
  34  3:27  Zergling x6  
  37  3:41  Drone x5  
  42  3:49  Drone x4  
  45  4:10  Drone x4, Overlord  
  49  4:19  Lair  
  49  4:20  Baneling Nest  
  49  4:21  Evolution Chamber  
  47  4:28  Evolution Chamber, Drone x3  
  47  4:30  Drone x3  
  47  4:31  Drone  
  53  4:36  Metabolic Boost  
  53  4:49  Zergling x2  
  53  4:50  Zergling x6  
  58  4:55  Zerg Missile Weapons Level 1, Roach Warren  
  58  4:56  Zerg Ground Armor Level 1  
  57  5:00  Extractor  
  57  5:03  Drone, Extractor  
  57  5:04  Drone, Overlord, Extractor  
  57  5:05  Overlord  
  56  5:25  Overlord  
  56  5:35  Overlord  
  55  5:36  Roach  
  55  5:37  Roach x5  
  53  5:58  Zergling x26  
  53  5:59  Zergling x20  
  74  6:04  Overlord x2  
  74  6:08  Overlord x3  
  69  6:44  Overlord  
  68  6:47  Hatchery  
  68  6:51  Roach x10  
  76  7:01  Ravager x4  
  71  7:27  Roach  
  71  7:28  Roach x5  
  82  7:46  Hydralisk Den  
  81  7:57  Overseer  
  69  8:03  Queen  
  69  8:04  Drone x9  
  80  8:09  Hatchery  
  79  8:21  Drone  
  79  8:22  Drone  
  79  8:23  Drone x3  
  79  8:25  Drone x4  
  88  8:29  Ravager  
  88  8:30  Ravager x3  
  88  8:33  Ravager  
  93  8:37  Hatchery, Lurker Den  
  93  8:38  Zergling x6  
  93  8:39  Zergling x4  
  97  8:53  Overlord  
  97  9:00  Overseer  
  97  9:09  Spore Crawler  
  92  9:10  Zergling x2  
  92  9:11  Zergling x12  
  60  9:40  Roach x8  
  60  9:41  Roach x7  
  86  9:52  Queen  
  80  9:55  Overlord  
  74  10:06  Ravager  
  74  10:07  Ravager x3  
  74  10:08  Ravager  
  71  10:16  Hydralisk  
  71  10:17  Hydralisk  
  75  10:34  Drone  
  75  10:35  Drone x15  
  73  10:52  Roach x4  
  73  10:57  Hatchery  
  69  11:04  Lurker  
  69  11:06  Zergling x10  
  69  11:07  Zergling x2  
  74  11:21  Roach x3  
  74  11:22  Roach x2, Zergling x2  
  74  11:25  Ravager x2  
  78  11:26  Ravager  
  67  11:48  Roach  
  67  11:49  Roach x7  
  67  11:51  Ravager  
  67  11:52  Ravager  
  67  11:54  Zergling x4  
  75  11:58  Roach x3  
  69  12:11  Ravager x2  
  69  12:12  Ravager  
Tags
 
Add a new tag
Caveats
  • Supply blocks, unpowered buildings, or Contaminate may cause inaccurate times.
  • Supply counts are checked every 10 seconds.